 Dungeon Crawl Stone Soup version 0.13-a0-2884-gbbf8bdf (webtiles) character file.

170 Misa the Ruinous (level 4, -7/36 HPs)
             Began as a Djinni Conjurer on Aug 29, 2013.
             Mangled by a gnoll
             ... wielding a +0,+0 halberd
              (14 damage)
             ... on Level 2 of the Dungeon.
             The game lasted 00:05:45 (1500 turns).

Misa the Ruinous (Djinni Conjurer)                  Turns: 1500, Time: 00:05:45

HP  -7/36        AC  2     Str  8      XL: 4   Next:  4%
MP   0/0         EV 16     Int 17      God:
Gold 100         SH  0     Dex 13      Spells:  1 memorised,  8 levels left

Res.Fire  : + + +   See Invis. : .   b - +2 elf dagger (curse)
Res.Cold  : x . .   Warding    : .   a - +0 robe
Life Prot.: + + +   Conserve   : .   (no shield)
Res.Poison: .       Res.Corr.  : .   (no helmet)
Res.Elec. : .       Clarity    : .   (no cloak)
Sust.Abil.: . .     Spirit.Shd : .   (no gloves)
Res.Mut.  : .       Rnd.Telep. : +   (boots unavailable)
Res.Rott. : .       Flight     : .   (no amulet)
Saprovore : . . .                    g - +4 ring of evasion
                                     f - cursed ring of teleportation

@: slowed, very slow, slightly resistant to hostile enchantments, unstealthy
A: fire immunity, cold vulnerability, life protection 3
a: Evoke Teleportation


You were on level 2 of the Dungeon.
You were not hungry.

You visited 1 branch of the dungeon, and saw 2 of its levels.

You collected 80 gold pieces.

Inventory:

Hand weapons
 b - a cursed +2,+2 elven dagger (weapon)
Armour
 a - a +0 robe (worn)
Comestibles
 i - a royal jelly
Jewellery
 f - a cursed ring of teleportation (left hand)
 g - a +4 ring of evasion (right hand)
 j - a +3 ring of protection {unknown}
Potions
 d - a potion of magic {unknown}
 e - 2 potions of slowing {unknown}
 h - a potion of curing {unknown}
Books
 c - a book of Conjurations

   Spells                             Type                      Level
   *Magic Dart                        Conjuration                  1
   Searing Ray                        Conjuration                  2
   Dazzling Spray                     Conjuration/Hexes            3
   Iskenderun's Mystic Blast          Conjuration                  4
   Iskenderun's Battlesphere          Conjuration/Charms           4
   Fulminant Prism                    Conjuration/Hexes            5


   Skills:
 - Level 1.7 Dodging
 - Level 1.5 Stealth
 + Level 3.1 Spellcasting
 + Level 5.3 Conjurations


You had 8 spell levels left.
You knew the following spells:

 Your Spells              Type           Power        Failure   Level  Hunger
a - Magic Dart            Conj           ###.         1%          1    None


Dungeon Overview and Level Annotations

Branches:
Dungeon (2/27)

Altars:
Ashenzari
Cheibriados


Innate Abilities, Weirdness & Mutations

You are immune to all types of fire, even holy and hellish.
You are vulnerable to cold.
You need no food.
You have no legs.
You are immune to negative energy.


Message History

The gnoll throws a spear of freezing.
The spear of freezing misses you.
The gnoll zaps a wand.
You resist.
The gnoll zaps a wand.
You feel as though you will be slow longer.
You see here a spear of freezing.
The gnoll zaps a wand.
You feel as though you will be slow longer.
The gnoll zaps a wand.
You resist.
The gnoll picks up a spear of freezing.
The gnoll zaps a wand.
You resist.
The gnoll zaps a wand.
You feel as though you will be slow longer.
The gnoll zaps a wand.
You resist.
The gnoll throws a spear of freezing.
The spear of freezing hits you!
* * * LOW HITPOINT WARNING * * *
You see here a spear of freezing.
You see here 12 arrows of frost.
The gnoll picks up a spear of freezing.
The gnoll throws a spear of freezing.
The spear of freezing misses you. The gnoll closely misses you.
The gnoll hits you from afar with a halberd!
You die...

.........# #.####'##
.........######'####.#######
#......)..........##'##....#
#.############....#...#....#
#.############....#...#....##<.
#.)...............#...#....#...
#.............g####........#.##
#..............# #........#.#.
#.............@# #........#.#.
#.........%....# #........#.#.
#..............#####'#.....#.#.
#..............................
##.............#####.#...#.#.#.
#.............# #.#...#.#.#.
#.....).......# #.#...#..<#.
#.............# #.#...###.#.
#.............# #.#.....#(#[


You could see a gnoll.

Vanquished Creatures
  Jessica (D:2)
  A gnoll (D:2)
  A giant gecko (D:1)
  2 ball pythons (D:2)
  A giant cockroach (D:2)
  6 goblins
  9 hobgoblins
  5 bats
  3 giant newts
  6 kobolds
  8 rats
43 creatures vanquished.

Notes
Turn   | Place    | Note
--------------------------------------------------------------
     0 | D:1      | Misa, the Djinni Conjurer, began the quest for the Orb.
     0 | D:1      | Reached XP level 1. HP: 14/14 MP: 0/0
   367 | D:1      | Reached XP level 2. EP: 18/21
   919 | D:1      | Reached skill level 5 in Conjurations
   979 | D:2      | Noticed Jessica
   988 | D:1      | Reached XP level 3. EP: 18/27
  1063 | D:2      | Killed Jessica
  1130 | D:2      | Found a shattered altar of Ashenzari.
  1450 | D:2      | Found a snail-covered altar of Cheibriados.
  1457 | D:2      | Reached XP level 4. EP: 12/36
  1500 | D:2      | Mangled by a gnoll

Action                   |  1- 3 |  4- 6 || total
-------------------------+-------+-------++-------
Melee: Dagger            |    14 |       ||    14
 Cast: Magic Dart        |    75 |     3 ||    78
  Use: Scroll            |     2 |       ||     2
 Stab: Sleeping          |     2 |       ||     2
